[Event "SWVG Arnold Classic Prestige All 2019"]
[Site "Sandton"]
[Date "2019.05.18"]
[Round "2.1"]
[White "Goosen, Anton"]
[Black "Grover, Sahaj"]
[Result "0-1"]
[ECO "D00"]
[WhiteElo "1965"]
[BlackElo "2515"]
[Annotator "RC"]
[PlyCount "54"]
[EventDate "2019.05.18"]
[EventType "swiss"]
[EventCountry "RSA"]
[SourceTitle "playchess.com"]
[Source "ChessBase"]
[SourceQuality "1"]
[TimeControl "1500+10"]

1. d4 d5 2. Bf4 c5 3. e3 Nc6 4. c3 Qb6 5. Qb3 c4 6. Qc2 Bf5 7. Qxf5 Qxb2 8. Qxd5 Qxa1 9. Qb5 O-O-O 10. Bxc4 e5 11. Bxe5 Bb4 12. Bd3 Bxc3+ 13. Kd1 Nge7 14. Ne2 Bb4 15. a3 Bxa3 16. Nec3 Bb4 17. Bxg7 Bxc3 18. Bxh8 Rxh8 19. d5 a6 20. Qc4 Nxd5 21. Qxd5 Rd8 22. Qf5+ Kb8 23. Ke2 Qb2+ 24. Kf3 Ne5+ 25. Kg3 Nxd3 26. Rd1 Rg8+ 27. Kh4 Bf6+ 0-1

[Event "SWVG Arnold Classic Prestige All 2019"]
[Site "Sandton"]
[Date "2019.05.18"]
[Round "2.2"]
[White "Mpya, Tshediso M"]
[Black "Makoto, Rodwell"]
[Result "0-1"]
[ECO "D02"]
[WhiteElo "1958"]
[BlackElo "2369"]
[Annotator "NA"]
[PlyCount "96"]
[EventDate "2019.05.18"]
[EventType "swiss"]
[EventCountry "RSA"]
[SourceTitle "playchess.com"]
[Source "ChessBase"]
[SourceQuality "1"]
[TimeControl "1500+10"]

1. d4 Nf6 2. Bf4 c5 3. e3 d5 4. c3 Qb6 5. Qc1 Nc6 6. Nf3 Bf5 7. Nbd2 Rc8 8. Nb3 {[%emt 0:01:10] D02: 1 d4 d5 2 Nf3 sidelines, including 2...Nf6 3 g3 and 2...Nf6 3 Bf4} (8. dxc5 Qxc5 9. Qd1 Qb6 10. Qb3 Nd7 11. Nh4 Be6 12. Nhf3 f6 13. Nd4 Bf7 14. Qxb6 Nxb6 15. Nxc6 bxc6 {½-½ (23) Burghoff,A (2529)-Frey Beckman,K (2700) ICCF email 2004}) 8... e6 9. dxc5 $146 ({Predecessor:} 9. h3 h6 10. Be2 Be7 11. O-O O-O 12. Re1 Rfe8 13. Bd1 cxd4 14. exd4 Nb4 15. Ne5 Bd6 {½-½ (31) Paulweber,L (1410)-Berelowitsch,D (1455) Magdeburg 2015}) 9... Bxc5 10. Nxc5 Qxc5 11. Be2 O-O 12. O-O h6 13. h3 Rfd8 14. Qd1 Ne4 15. Nd4 Bg6 16. Bd3 Ne7 17. Qe2 Nf6 18. Rad1 Qb6 19. Nf3 Bxd3 20. Rxd3 Ng6 21. Bh2 Ne4 22. Ne5 Ne7 23. f3 Nf6 24. Kh1 Qa6 25. a3 Re8 26. e4 Nc6 27. Nxc6 Rxc6 28. e5 Nd7 29. Qe3 Qb6 30. Qd2 Nc5 31. Bg1 Qb3 32. Rd4 Qb5 33. Rg4 Kf8 ({Reject} 33... Qxf1 $6 34. Qxh6 Kf8 35. Rxg7 $16) 34. Rd1 Nb3 $2 (34... Nd7 $1 $11 {and Black has nothing to worry.}) 35. Qc2 Rc4 36. Bd4 (36. Rxc4 $14 Qxc4 37. Bxa7) 36... g6 (36... h5 $11 {keeps the balance.} 37. Rh4 Nxd4 38. Rdxd4 Rxd4 39. Rxd4 Qf1+ 40. Kh2 Qe1) 37. Qf2 (37. Be3 $16) 37... h5 38. Rf4 Nxd4 39. Rdxd4 Rxd4 40. cxd4 (40. Rxd4 $11 Qb6 41. g4) 40... Re7 41. Rf6 Ke8 ({Black should play} 41... Kg7 $17) 42. g4 $2 (42. Qd2 $11) 42... Qd3 43. gxh5 Rc7 44. Qe1 gxh5 45. Qg1 Qh7 46. Qg5 $2 (46. Qd1) 46... Qb1+ 47. Kh2 Rc2+ 48. Kg3 Qe1+ 0-1

[Event "SWVG Arnold Classic Prestige All 2019"]
[Site "Sandton"]
[Date "2019.05.18"]
[Round "2.3"]
[White "Mabusela, Johannes Manyedi"]
[Black "Erlank, Warrick"]
[Result "1-0"]
[ECO "D36"]
[WhiteElo "2220"]
[BlackElo "2006"]
[Annotator "NA RC"]
[PlyCount "63"]
[EventDate "2019.05.18"]
[EventType "swiss"]
[EventCountry "RSA"]
[SourceTitle "playchess.com"]
[Source "ChessBase"]
[SourceQuality "1"]
[TimeControl "1500+10"]

1. d4 d5 2. c4 c6 3. Nf3 Nf6 4. Nc3 e6 5. cxd5 exd5 6. Qc2 Bd6 7. Bg5 Nbd7 8. e3 O-O 9. Bd3 h6 10. Bh4 Re8 11. g4 {[%emt 0:01:33] D36: Queen's Gambit Declined: Exchange Variation: Main line (5 Bg5 c6 6 Qc2)} (11. O-O g5 12. Bg3 Bxg3 13. hxg3 Qe7 14. Nd2 Nb6 15. a3 Bg4 16. b4 Be6 17. Nb3 Nc4 18. Nc5 b6 19. Nxe6 Qxe6 {½-½ (41) Persson,C (2563)-Vesely,P (2581) ICCF email 2014}) 11... Qa5 12. g5 hxg5 13. Nxg5 c5 14. O-O-O cxd4 $146 ({Predecessor:} 14... Nf8 15. Nxd5 Qxa2 16. Nxf6+ gxf6 17. Ne4 Qa1+ 18. Qb1 Qxb1+ 19. Kxb1 Rxe4 20. Bxe4 f5 21. dxc5 Bxc5 22. Bc2 Be6 23. Bf6 {1-0 (23) Radovanovic,J (2360)-Hoffmann,R (2106) Berlin 2013}) 15. exd4 Bf4+ 16. Kb1 Bxg5 17. Bxg5 Ne4 18. Rde1 (18. Bxe4 $16 dxe4 19. Rhg1 (19. Nxe4 Rxe4 {[%mdl 64] Remove Defender} 20. Qxe4 Qxg5 $17)) 18... Ndf6 19. Nxe4 ({White should try} 19. Bxf6 $16 Nxf6 20. Qc1) 19... Nxe4 20. f3 Be6 21. Qg2 $2 ({Inferior is} 21. fxe4 dxe4 {[%mdl 64] Discovered Attack} 22. Bc4 Bxc4 $17) (21. h4 $16) 21... Rac8 $2 (21... Bh3 $1 $11 {and Black has nothing to worry.} 22. Qxh3 Nxg5 23. Rxe8+ Rxe8) 22. Bh6 g6 {[%emt 0:00:42] [#]} 23. h4 $2 (23. Ka1 $1 $18) 23... Bf5 24. fxe4 dxe4 25. Rxe4 Bxe4 26. Bxe4 Qh5 27. Bg5 Rc4 28. Bf3 Qh8 29. h5 Qxd4 30. hxg6 Qd3+ 31. Ka1 Qxg6 32. Bf6 $18 1-0

[Event "SWVG Arnold Classic Prestige All 2019"]
[Site "Sandton"]
[Date "2019.05.18"]
[Round "2.4"]
[White "Oatlhotse, Providence"]
[Black "Masiya, Mfundo"]
[Result "1-0"]
[ECO "D99"]
[WhiteElo "2289"]
[BlackElo "1856"]
[Annotator "NA RC"]
[PlyCount "109"]
[EventDate "2019.05.18"]
[EventType "swiss"]
[EventCountry "RSA"]
[SourceTitle "playchess.com"]
[Source "ChessBase"]
[SourceQuality "1"]
[TimeControl "1500+10"]

1. c4 Nf6 2. Nc3 d5 3. cxd5 Nxd5 4. Nf3 g6 5. Qb3 Nb6 6. d4 Bg7 7. e4 O-O 8. Be3 Nc6 9. Rd1 Bg4 10. d5 Ne5 11. Be2 Nxf3+ 12. gxf3 Bh5 13. a4 {[%emt 0:00:30] D99: Grünfeld: Russian System: 7 e4 Bg4 8 Be3 Nfd7 9 Qb3} (13. O-O Qc8 14. Nb5 Qh3 15. Bd4 Bh6 16. Be5 c6 17. dxc6 bxc6 18. Nd4 Rac8 19. Rfe1 c5 20. Bf1 Qh4 {1-0 (45) Vidit,S (2643)-Artemiev,V (2660) Martuni 2015}) 13... Qc8 14. h4 Nd7 15. f4 Bxe2 16. Nxe2 Nf6 $146 ({Predecessor:} 16... c6 17. h5 cxd5 18. hxg6 hxg6 19. Rxd5 e6 20. Rd2 Qc6 {½-½ (46) Goerg,J-Lueers,H Germany 1990}) 17. Ng3 c6 18. h5 cxd5 19. hxg6 hxg6 20. f5 Qc4 21. Qxc4 dxc4 22. f3 Rfd8 23. Ke2 Rxd1 24. Rxd1 Nh5 25. Nxh5 gxh5 26. Rg1 Kf8 27. e5 $1 Rd8 $2 (27... Rc8 $14) 28. f6 $1 exf6 29. Bc5+ Ke8 30. Rxg7 Rd5 31. Bb4 Rxe5+ 32. Kf2 Rg5 33. Rh7 a5 34. Bc3 b5 35. axb5 Rxb5 36. Rh8+ Kd7 37. Ra8 h4 38. Rxa5 Rxa5 (38... Rg5 $142 39. Ra7+ Ke8 40. Ra8+ Kd7) 39. Bxa5 Ke6 40. Kg2 Ke5 41. Bc3+ Kf5 42. Be1 h3+ 43. Kxh3 Kf4 44. Kg2 Ke3 45. Kg3 f5 46. f4 Ke4 47. Bc3 Ke3 48. Bf6 Ke4 49. Be5 Ke3 50. Kh4 f6 51. Bd6 Kd3 52. Bb4 Ke3 53. Kg3 Ke4 54. Bc3 Kd5 55. Bxf6 1-0

[Event "SWVG Arnold Classic Prestige All 2019"]
[Site "Sandton"]
[Date "2019.05.18"]
[Round "2.5"]
[White "Meiboom, Cornelis"]
[Black "Mnguni, Jacob Dumisani"]
[Result "0-1"]
[ECO "B23"]
[WhiteElo "1788"]
[BlackElo "2141"]
[Annotator "RC"]
[PlyCount "94"]
[EventDate "2019.05.18"]
[EventType "swiss"]
[EventCountry "RSA"]
[SourceTitle "playchess.com"]
[Source "ChessBase"]
[SourceQuality "1"]
[TimeControl "1500+10"]

1. e4 c5 2. f4 Nc6 3. Nf3 g6 4. Nc3 Bg7 5. Bb5 Nd4 6. O-O a6 7. Bd3 d6 8. Nxd4 cxd4 9. Ne2 Nf6 10. c3 dxc3 11. dxc3 O-O 12. Ng3 b5 13. Qe2 Qc7 14. Kh1 Bg4 15. Qf2 Be6 16. Re1 Rfb8 17. a3 a5 18. Bd2 Nd7 19. Qe2 Bc4 20. Rac1 e6 21. Rc2 d5 22. exd5 exd5 23. Qf3 Nc5 24. Bxc4 dxc4 25. f5 Nd3 26. Rf1 Re8 27. fxg6 hxg6 28. Ne4 Ra6 29. Bg5 f5 30. Nf2 Rd6 31. Re2 Qf7 32. h4 b4 33. axb4 Rxe2 34. Qxe2 axb4 35. Nd1 Qe6 36. Qd2 b3 37. Ne3 Bf6 38. Ra1 Bxg5 39. hxg5 f4 40. Ra8+ Kf7 41. Ra7+ Ke8 42. Ra8+ Kd7 43. Ra7+ Kc8 44. Nf1 Rd7 45. Ra4 Qc6 46. Ra5 Qb6 47. Ra4 Nf2+ {[%emt 0:00:00] Ra1 [%clk 0:00:00]} 0-1

[Event "SWVG Arnold Classic Prestige All 2019"]
[Site "Sandton"]
[Date "2019.05.18"]
[Round "2.6"]
[White "Simutowe, Musatwe"]
[Black "Klevansky, Aron"]
[Result "1-0"]
[ECO "A48"]
[WhiteElo "2170"]
[BlackElo "1878"]
[Annotator "NA RC"]
[PlyCount "97"]
[EventDate "2019.05.18"]
[EventType "swiss"]
[EventCountry "RSA"]
[SourceTitle "playchess.com"]
[Source "ChessBase"]
[SourceQuality "1"]
[TimeControl "1500+10"]

1. d4 Nf6 2. Nf3 g6 3. Bf4 Bg7 4. e3 d6 5. h3 O-O 6. Be2 c5 7. c3 b6 8. O-O Bb7 9. Nbd2 Nc6 10. a4 Nd7 {[%emt 0:00:54] A48: 1 d4 Nf6 2 Nf3 g6: Torre, London and Colle Systems} (10... Rc8 11. Bh2 Re8 12. Bd3 a6 13. Qe2 cxd4 14. exd4 e5 15. dxe5 dxe5 16. Ne4 Nxe4 17. Bxe4 f5 18. Rfd1 {1-0 (27) Karjakin,S (2783)-Nepomniachtchi,I (2751) chess.com INT 2017}) 11. Bh2 cxd4 $146 ({Predecessor:} 11... Nf6 12. Re1 Rc8 13. Bf1 Qd7 14. Nc4 d5 15. Nce5 {½-½ (15) Dawidow,J (2339)-Kopacz,G (2251) Ustron 2001}) 12. exd4 e5 13. Nc4 e4 $2 (13... Qe7 $14) 14. Nfd2 d5 15. Nd6 Bc8 16. f3 exf3 17. Nxf3 Nf6 18. Bd3 (18. Bb5 $142 Ne7 19. Qe2) 18... Ne8 19. Nxc8 Rxc8 20. Ba6 Nf6 21. Bxc8 Qxc8 22. Ne5 Ne7 (22... Na5 $16 23. Qe2 Ne4) 23. Qd3 Nf5 24. a5 Ne4 25. axb6 axb6 26. Ra7 Bh6 27. Ng4 Bg5 28. Re1 h5 29. Ne5 Bh4 30. Rxe4 dxe4 31. Qxe4 Re8 32. Bf4 f6 33. Qd5+ Qe6 34. Qxe6+ Rxe6 35. Nf3 Re2 (35... Re4 {is a better defense.}) 36. Ra2 g5 37. Bc7 Bf2+ 38. Kh2 h4 39. Ra1 Rxb2 40. d5 Bg3+ 41. Bxg3 hxg3+ 42. Kh1 Ne3 43. d6 Kf7 44. Re1 Nxg2 45. Re7+ Kf8 {[%emt 0:00:01] [#]} 46. Re4 $1 Nf4 47. d7 Rb1+ 48. Ng1 Ne2 49. d8=Q+ {[%emt 0:00:00] Double Attack} 1-0

[Event "SWVG Arnold Classic Prestige All 2019"]
[Site "Sandton"]
[Date "2019.05.18"]
[Round "2.7"]
[White "Molepo, Maropeng Quintallio"]
[Black "Zwakala, Ntando"]
[Result "0-1"]
[ECO "B42"]
[WhiteElo "1723"]
[BlackElo "2088"]
[Annotator "NA RC"]
[PlyCount "102"]
[EventDate "2019.05.18"]
[EventType "swiss"]
[EventCountry "RSA"]
[SourceTitle "playchess.com"]
[Source "ChessBase"]
[SourceQuality "1"]
[TimeControl "1500+10"]

1. e4 c5 2. Nf3 e6 3. d4 cxd4 4. Nxd4 a6 5. Bd3 Nf6 6. c4 Qc7 7. O-O Be7 8. Nc3 d6 9. Be3 Nbd7 10. f4 b6 11. Rc1 Bb7 12. b4 {[%emt 0:01:16] B42: Sicilian: Kan Variation: 5 Bd3} Rc8 (12... g6 13. Qf3 O-O 14. Qh3 Rfe8 15. Nxe6 fxe6 16. Qxe6+ Kg7 17. Bd4 Bf8 18. Qh3 Kg8 19. Nd5 Qd8 {½-½ (60) Jones,G (2660)-Hanley,C (2441) Llandudno 2017}) 13. Qe2 Qb8 (13... O-O $16 {might work better.}) 14. f5 e5 15. Nf3 $146 ({Predecessor:} 15. Nb3 Qa8 16. Nd5 Nxd5 17. exd5 Bf6 18. Be4 O-O 19. g4 h6 {½-½ (57) Triantos,K (2078)-Bardis,H (1866) Rio 2018}) 15... O-O 16. Kh1 b5 17. cxb5 axb5 18. Bxb5 Rc7 19. Bd3 $2 ({White should play} 19. a4 $16) 19... Rfc8 20. Nb5 Rxc1 21. Rxc1 Rxc1+ 22. Bxc1 d5 (22... Bxe4 $17 23. Bxe4 Nxe4) 23. exd5 Bxd5 24. Nc3 Ba8 (24... Bxf3 $11 {remains equal.} 25. gxf3 Qxb4) 25. a3 $1 h6 26. h3 (26. Nd2 $16) 26... Nh5 27. Qe1 e4 (27... Ndf6 $11 28. Nxe5 (28. Qxe5 Bd6 $11) 28... Bd6) 28. Bxe4 Ng3+ 29. Kg1 Bxe4 30. Nxe4 Nxf5 31. Bb2 Bf8 32. Qd2 Nb6 33. Nd4 Nc4 34. Qc3 Nfe3 35. Bc1 Qf4 36. Bxe3 Nxe3 37. Qd3 f5 {[%emt 0:00:28] [#]} 38. Nd2 $1 Qg3 39. Qe2 f4 {[%emt 0:00:20] [#]} 40. N2f3 (40. Nc4 $1 $18 {is the precise move to win.}) 40... Qg6 41. Ne5 Qb1+ 42. Kh2 $19 (42. Kf2 $11) 42... Nf1+ 43. Kg1 Ng3+ 44. Kf2 Nxe2 45. Nxe2 Qe4 46. Nf3 g5 47. Nfd4 Qe3+ 48. Kf1 Qxa3 49. b5 Bc5 50. h4 Bxd4 51. Nxd4 Qa1+ 0-1

[Event "SWVG Arnold Classic Prestige All 2019"]
[Site "Sandton"]
[Date "2019.05.18"]
[Round "2.8"]
[White "Mthunzi, Brighton"]
[Black "Fourie, Brandon"]
[Result "1-0"]
[ECO "B23"]
[WhiteElo "2006"]
[BlackElo "1566"]
[Annotator "NA RC"]
[PlyCount "84"]
[EventDate "2019.05.18"]
[EventType "swiss"]
[EventCountry "RSA"]
[SourceTitle "playchess.com"]
[Source "ChessBase"]
[SourceQuality "1"]
[TimeControl "1500+10"]

1. e4 c5 2. Nc3 d6 3. f4 Nc6 4. Bb5 g6 (4... Bd7 5. Nf3 e6 6. O-O Be7 7. d4 cxd4 8. Nxd4 Nf6 9. Bxc6 Bxc6 10. Qd3 O-O 11. Kh1 Rc8 12. Bd2 Qb6 13. a4 Rfd8 14. Be3 Qa5 {½-½ (34) Predke,A (2595)-Demchenko,A (2672) Batumi 2018}) 5. Bxc6+ bxc6 6. Nf3 {[%emt 0:00:07] B23: Closed Sicilian: Lines without g3} Ba6 7. d3 Bg7 8. O-O e6 9. Qe1 Ne7 10. Qh4 Qb6 $146 ({Predecessor:} 10... d5 11. Re1 c4 12. f5 gxf5 13. Qh5 fxe4 14. dxe4 d4 15. Na4 Ng6 16. Nc5 Bc8 17. e5 {0-1 (44) Egeland,F (1932)-Edvardsen,R (2039) Oslo 2013}) 11. Kh1 h6 12. Qf2 Rb8 {[%emt 0:00:00] [#]} (12... c4 $14) 13. e5 $1 Nd5 14. Ne4 dxe5 15. Nd6+ Ke7 16. fxe5 Rhf8 17. a3 c4 18. dxc4 (18. Qh4+ $142 Kd7 19. dxc4) 18... Qxf2 19. Rxf2 Nb6 20. Be3 Nxc4 $2 (20... Nd7 21. Bd4 (21. Bxa7 Rxb2 22. Bd4 Rbb8 $16) 21... c5) 21. Nxc4 Bxc4 22. Bc5+ Kd7 23. Rd1+ Kc7 24. Bd6+ Kb7 25. Bxb8 Kxb8 26. Rd7 Bd5 27. Nd2 c5 28. Rfxf7 Rxf7 29. Rxf7 Bxe5 30. c4 Bb7 31. b3 Bc3 32. Nf3 e5 33. Re7 e4 $18 34. Ne5 e3 35. Nd7+ Kc8 36. Rxe3 Bd4 37. Re7 Kd8 38. Rh7 Be4 39. Nf8 Bf5 40. Rxa7 Ke8 41. Nh7 g5 42. a4 Bc8 1-0

[Event "SWVG Arnold Classic Prestige All 2019"]
[Site "Sandton"]
[Date "2019.05.18"]
[Round "2.10"]
[White "Bhawoodien, Shabir Hussain"]
[Black "Bucceri, Draven"]
[Result "1-0"]
[ECO "C11"]
[WhiteElo "2020"]
[BlackElo "1633"]
[Annotator "NA RC"]
[PlyCount "79"]
[EventDate "2019.05.18"]
[EventType "swiss"]
[EventCountry "RSA"]
[SourceTitle "playchess.com"]
[Source "ChessBase"]
[SourceQuality "1"]
[TimeControl "1500+10"]

1. e4 e6 2. Nf3 d5 3. Nc3 Nf6 4. e5 Nfd7 5. d4 c5 6. dxc5 Nc6 7. Bf4 Bxc5 8. Bd3 f6 9. exf6 Nxf6 10. O-O O-O 11. Qe2 Bd6 {[%emt 0:02:53] C11: French: Classical System: 4 e5 and 4 Bg5 dxe4} (11... Nh5 $11 12. Be3 (12. Bg5 Qc7 13. Nb5 Qf7 14. Ne5 Nf4 15. Bxf4 Qxf4 16. Qh5 Qxe5 17. Bxh7+ Kh8 18. Bf5+ Kg8 19. Bh7+ Kh8 20. Bf5+ Kg8 21. Bh7+ Kh8 22. Bf5+ {½-½ (22) Kozionov,K (2387)-Rozum,I (2544) Voronezh 2014}) 12... Nf4) 12. Bg3 (12. Bxd6 $14 Qxd6 13. Nb5) 12... Bxg3 13. hxg3 Qe8 14. Ne5 Nxe5 15. Qxe5 Ng4 $146 ({Predecessor:} 15... h6 16. Be2 Bd7 17. Rfe1 Qg6 18. Bd3 Qf7 19. f3 {½-½ (40) Borin,F (2203)-Ranieri,F (2213) Novara 2004}) 16. Qg5 Nf6 17. Rae1 h6 18. Qh4 Bd7 19. Re5 Qf7 20. Rfe1 Rae8 21. g4 Nh7 {[%emt 0:01:54] [#]} 22. Bxh7+ $16 (22. g5 $1 $18 {[%mdl 512] is the precise move to win.}) 22... Kxh7 23. Ne2 Qf6 24. Qg3 Rf7 25. Nd4 Rfe7 26. c3 a6 27. R1e3 g5 28. f3 Rf7 29. Qe1 Rfe7 30. Nf5 Rg7 31. Nxg7 Kxg7 32. Qd2 Rh8 33. Qd4 Kf7 34. Qb6 Bc8 35. Qc7+ Kg6 36. Qc5 Kf7 37. c4 dxc4 38. Qxc4 Rd8 39. Re1 Rd6 40. Qxc8 1-0

[Event "SWVG Arnold Classic Prestige All 2019"]
[Site "Sandton"]
[Date "2019.05.18"]
[Round "2.11"]
[White "Tapera, Uzeni"]
[Black "Mwale, Joseph"]
[Result "0-1"]
[ECO "C42"]
[WhiteElo "1748"]
[BlackElo "2274"]
[Annotator "NA RC"]
[PlyCount "56"]
[EventDate "2019.05.18"]
[EventType "swiss"]
[EventCountry "RSA"]
[SourceTitle "playchess.com"]
[Source "ChessBase"]
[SourceQuality "1"]
[TimeControl "1500+10"]

1. e4 e5 2. Nf3 Nf6 3. Nxe5 d6 4. Nf3 Nxe4 5. d4 d5 6. Bd3 Bd6 7. O-O O-O 8. c4 c6 9. Qc2 Re8 10. Nc3 Bf5 11. Re1 Bb4 {[%emt 0:00:40] C42: Petroff Defence: 3 Nxe5 and unusual White 3rd moves} 12. cxd5 (12. Bg5 Qa5 13. Nxe4 dxe4 14. Bxe4 Bxe1 15. Bxf5 g6 16. Be4 Bb4 17. c5 Nd7 18. a3 Bxc5 19. dxc5 Qxc5 {1-0 (38) Grischuk,A (2701)-Rozentalis,E (2586) Istanbul 2003}) 12... cxd5 13. a3 Bxc3 14. bxc3 Nc6 15. Bf4 Rc8 16. c4 $146 ({Predecessor:} 16. Ng5 Nxd4 17. Qa4 {1-0 (75) Bruder,P-Loedl,D Graz 2010}) 16... Bg4 17. Be3 (17. cxd5 $11 {remains equal.} Nb4 18. Qxc8 Bxc8 19. axb4) 17... Qf6 (17... Bxf3 $17 18. gxf3 Ng5) 18. Ne5 Nxe5 19. dxe5 Qg6 20. Bf4 Bf5 21. f3 ({White should try} 21. Qb1 $11) 21... Ng3 $1 22. Bxf5 ({White should play} 22. hxg3 $15 Bxd3 23. Qb3 dxc4 24. Qxb7) 22... Nxf5 23. c5 b6 24. Qa4 bxc5 25. Qxa7 $2 (25. Rad1 {was worth a try.}) 25... Nd4 26. Bg3 Nc2 $19 {[%emt 0:00:04] Double Attack} 27. Qd7 Nxa1 28. Rxa1 d4 0-1

[Event "SWVG Arnold Classic Prestige All 2019"]
[Site "Sandton"]
[Date "2019.05.18"]
[Round "2.12"]
[White "Jooste, Marko"]
[Black "Khumalo, Keith"]
[Result "0-1"]
[ECO "A45"]
[WhiteElo "1661"]
[BlackElo "2086"]
[Annotator "NA RC"]
[PlyCount "70"]
[EventDate "2019.05.18"]
[EventType "swiss"]
[EventCountry "RSA"]
[SourceTitle "playchess.com"]
[Source "ChessBase"]
[SourceQuality "1"]
[TimeControl "1500+10"]

1. d4 Nf6 2. e3 g6 3. f4 Bg7 4. Nf3 O-O 5. Bd3 d6 6. e4 {[%emt 0:00:20] A45: Trompowsky Attack} c5 7. O-O $146 ({Predecessor:} 7. dxc5 Qa5+ 8. c3 Qxc5 9. Qe2 Nbd7 10. Be3 Qc7 11. O-O Nc5 12. Bd4 Nh5 13. Bxg7 Nxf4 {0-1 (29) Coelho,J (1826)-Supi,L (2561) Catanduva 2018}) 7... cxd4 8. Qe1 Nc6 9. Qh4 Qa5 10. f5 Ne5 11. Nxd4 Qb6 12. c3 Nxd3 13. Bh6 Qxb2 14. Nd2 Qxc3 15. N2f3 Ne5 16. Rac1 Qd3 17. Rce1 Nxf3+ 18. Nxf3 b6 19. Ng5 Qd4+ 20. Kh1 Ba6 21. Rf3 Nh5 22. Bxg7 Qxg7 23. g4 Nf6 24. Rh3 Bb7 25. Kg1 h6 26. Nf3 g5 27. Qf2 Nxg4 28. Qg2 Ne5 29. Nd4 Rac8 30. Rg3 Rc4 31. Nb3 $19 Rfc8 32. h4 Rc2 33. Qh3 g4 34. Qf1 Nf3+ 35. Kh1 Rh2# 0-1

[Event "SWVG Arnold Classic Prestige All 2019"]
[Site "Sandton"]
[Date "2019.05.18"]
[Round "3.3"]
[White "Mnguni, Jacob Dumisani"]
[Black "Mabusela, Johannes Manyedi"]
[Result "1/2-1/2"]
[ECO "A13"]
[WhiteElo "2141"]
[BlackElo "2220"]
[Annotator "NA"]
[PlyCount "124"]
[EventDate "2019.05.18"]
[EventType "swiss"]
[EventCountry "RSA"]
[SourceTitle "playchess.com"]
[Source "ChessBase"]
[SourceQuality "1"]
[TimeControl "1500+10"]

1. c4 e6 2. g3 d5 3. Bg2 Nf6 4. Nf3 dxc4 5. O-O c5 6. Na3 Nc6 7. Nxc4 Bd7 {[%emt 0:00:05] A13: English Opening: 1...e6} 8. d3 $146 ({Predecessor:} 8. d4 cxd4 9. Nxd4 Nxd4 10. Qxd4 Bb5 11. Qxd8+ Rxd8 12. b3 b6 13. Bg5 Bc5 14. Rfc1 h6 15. Bxf6 gxf6 {½-½ (40) Kreisl,R (2419)-Boensch,U (2528) Austria 2012}) 8... Be7 9. Bf4 O-O 10. a4 Nd5 11. Bd6 Bxd6 12. Nxd6 Qe7 13. Nc4 Rfd8 14. Qb3 b6 15. Rfd1 Rab8 16. Nfe5 Nd4 17. Qa2 Nb4 18. Qb1 Ndc2 19. Nxd7 Qxd7 20. b3 Nxa1 21. Qxa1 Qd4 22. Qb1 a6 23. Rc1 g6 24. h4 f5 25. Nd2 Nd5 26. Rc4 Qf6 27. Qc1 a5 28. Nf3 Rd6 $2 (28... e5 $17 {stays on course.} 29. Qh6 Rb7) 29. e4 Qe7 (29... fxe4 $1 $14 30. dxe4 {[#]} Nf4 $1 31. Qxf4 (31. gxf4 Rbd8 $11) 31... Qxf4 32. gxf4 Rd3) 30. exd5 exd5 {[%emt 0:00:08] [#]} 31. Rf4 $1 d4 {[%emt 0:00:18] [#]} 32. Nd2 $2 ({White should try} 32. h5 $1 $18 ) 32... Kg7 (32... Rf8 $11 {keeps the balance.}) 33. h5 Qe2 (33... Rf8 $16) 34. hxg6 hxg6 35. Bf1 $2 (35. Rh4 $18 {and White stays clearly on top.} Rdd8 {[#]} 36. Ne4 $1 ) 35... Qe7 36. Nc4 Re6 37. Rh4 g5 38. Rh2 (38. Rh5 $142 Rg6 39. f4) 38... Re8 39. Qd1 Qf7 {[%emt 0:01:50] [#]} 40. Qf3 $1 Rh8 41. Rxh8 Kxh8 42. Bh3 Rf6 {[%emt 0:01:36] [#]} 43. Ne5 (43. g4 $1 $18 {has better winning chances.}) 43... Qe8 44. Qd5 Qe6 $2 (44... g4 $16 {was worth a try.}) 45. Qxe6 $2 (45. Qd8+ $18 Kh7 46. Nd7 Qe1+ 47. Bf1 (47. Kg2 Rf7 $18)) 45... Rxe6 46. f4 g4 47. Bg2 Kg7 48. Bd5 Rh6 49. Kg2 Kf6 50. Bc4 Ke7 51. Ba6 Rf6 52. Bc8 Kd8 53. Bd7 Ke7 54. Bb5 Rh6 55. Ba6 Rf6 56. Kf2 Kd8 57. Bc4 Ke7 $11 58. Bd5 Kd6 59. Bg8 Ke7 60. Kg2 Rh6 61. Bf7 Rf6 62. Bc4 Kd8 1/2-1/2

[Event "SWVG Arnold Classic Prestige All 2019"]
[Site "Sandton"]
[Date "2019.05.18"]
[Round "3.4"]
[White "Zwakala, Ntando"]
[Black "Oatlhotse, Providence"]
[Result "1-0"]
[ECO "B10"]
[WhiteElo "2088"]
[BlackElo "2289"]
[Annotator "NA"]
[PlyCount "129"]
[EventDate "2019.05.18"]
[EventType "swiss"]
[EventCountry "RSA"]
[SourceTitle "playchess.com"]
[Source "ChessBase"]
[SourceQuality "1"]
[TimeControl "1500+10"]

1. e4 c6 2. d3 d5 3. Nd2 e5 4. Ngf3 Nd7 5. d4 (5. g3 Bd6 6. Bg2 Ne7 7. O-O O-O 8. Re1 Re8 9. b3 d4 10. Nc4 Bc7 11. a4 c5 12. Rf1 Nc6 13. Nh4 Nf8 14. Nf5 Ng6 15. h4 Nge7 {1-0 (64) Andriasian,Z (2603)-Le,Q (2715) chess.com INT 2018}) 5... dxe4 6. Nxe4 {[%emt 0:00:04] B10: Caro-Kann: 2 d3 and 2 c4} exd4 7. Qxd4 Ngf6 8. Nd6+ Bxd6 9. Qxd6 Ne4 $146 ({Predecessor:} 9... Nd5 10. Bg5 Qa5+ 11. Bd2 Qc5 12. Qxc5 Nxc5 {½-½ (31) Just,B-Jordaan,W IECG email 2003}) 10. Qd4 O-O 11. Be3 Ndf6 12. Bd3 Qxd4 13. Bxd4 Bg4 14. O-O-O h6 15. h3 Bh5 16. g4 Bg6 17. Ne5 Bh7 18. h4 Rae8 $2 {[%emt 0:02:55] [#]} (18... Rfe8 $1 $11 {and Black is okay.}) 19. f4 (19. Bxe4 $1 $18 {is more deadly.} Bxe4 20. Rhe1) 19... c5 20. Bg1 b6 (20... h5 $1 $14) 21. g5 Nh5 (21... Ng3 $1 $14) 22. Nd7 c4 $2 (22... Neg3 $16) 23. Bxc4 ({Less strong is} 23. Nxf8 cxd3 24. Nxh7 d2+ 25. Kb1 Kxh7 $16) 23... Neg3 24. Rh2 Nxf4 25. Nxf8 Kxf8 26. Rf2 Re4 27. b3 Bg6 $2 (27... hxg5 {was called for.} 28. hxg5 Nge2+ 29. Bxe2 Nxe2+ 30. Kb2 Nxg1) 28. gxh6 gxh6 29. Bh2 Ngh5 30. Rdf1 Nh3 31. Rf3 Rxh4 32. Bxf7 Kg7 33. Be5+ Kh7 {[%emt 0:00:01] [#]} 34. Bxg6+ (34. Bg8+ $142 $1 Kxg8 35. Rf8+ Kh7 36. Rh8#) 34... Kxg6 35. Rf7 Re4 36. Bb8 a6 37. Rb7 Re6 38. Rd1 Nf6 39. Rd6 Rxd6 40. Bxd6 b5 41. Rb6 Ng5 42. Be5 Nge4 43. Rxa6 h5 44. Rb6 h4 $18 45. Rxb5 h3 46. a4 Ng4 47. Bc7 Nc3 48. Rb6+ Kf7 49. Rb7 Kg6 50. a5 Nd5 51. Bg3 Nc3 52. Bb8 Ne2+ 53. Kd2 Nd4 54. a6 Nf3+ 55. Ke2 Nd4+ 56. Kf1 Ne3+ 57. Kf2 Ng4+ 58. Ke1 Nf3+ 59. Kd1 Nfe5 60. Rb6+ Kg5 61. Bxe5 Nxe5 62. a7 h2 63. a8=Q Ng4 64. Qg2 Kh4 65. Rb4 1-0